 Dungeon Crawl Stone Soup version 0.24-a0-479-g9a978d2894 (webtiles) character file.

Game seed: 5910404517817371612

595 DasRunzen the Skirmisher (level 7, -12/62 HPs)
             Began as a Minotaur Fighter on July 7, 2019.
             Killed by divine providence
             ... invoked by an orc priest
              (16 damage)
             ... on level 5 of the Dungeon.
             The game lasted 00:03:37 (2276 turns).

DasRunzen the Skirmisher (Minotaur Fighter)         Turns: 2276, Time: 00:03:38

Health: -12/62     AC: 11    Str: 23    XL:     7   Next: 17%
Magic:  6/6        EV:  8    Int:  5    God:
Gold:   241        SH: 10    Dex:  9    Spells: 6/6 levels left

rFire    . . .     SeeInvis .   a - +0 war axe
rCold    . . .     Gourm    .   c - +0 shield
rNeg     . . .     Faith    .   b - +0 scale mail
rPois    .         Spirit   .   (helmet restricted)
rElec    .         Reflect  .   l - +0 cloak
rCorr    .         Harm     .   p - +0 pair of gloves
MR       .....                  m - +0 pair of boots
Stlth    ..........             (no amulet)
HPRegen  0.20/turn              (no ring)
MPRegen  0.10/turn              (no ring)

@: no status effects
A: retaliatory headbutt, horns 2
a: no special abilities


You were on level 5 of the Dungeon.
You were very hungry.

You visited 1 branch of the dungeon, and saw 5 of its levels.

You collected 241 gold pieces.

Inventory:

Hand Weapons
 a - a +0 war axe (weapon)
Armour
 b - a +0 scale mail (worn)
 c - a +0 shield (worn)
 l - a +0 cloak (worn)
 m - a +0 pair of boots (worn)
 p - a +0 pair of gloves (worn)
Jewellery
 j - an uncursed ring of wizardry {unknown}
 o - a +2 ring of protection {unknown}
Potions
 d - 2 potions of might
 e - 2 potions of magic
 g - 2 potions of flight {unknown}
 h - a potion of agility {unknown}
 i - 2 potions of heal wounds {unknown}
 k - 2 potions of curing {unknown}
 n - a potion of lignification {unknown}
 q - a potion of brilliance {unknown}
Comestibles
 f - 10 rations


   Skills:
 + Level 5.9 Fighting
 + Level 5.2 Axes
 + Level 5.8 Armour
 + Level 5.8 Shields


You had 6 spell levels left.
You didn't know any spells.
Your spell library was empty.

Dungeon Overview and Level Annotations

Branches:
Dungeon (5/15)
 Temple: D:4-7

Altars:
Ru
Yredelemnul


Innate Abilities, Weirdness & Mutations

You reflexively headbutt those who attack you in melee.
You have a pair of horns on your head.


Message History

The orc priest looks braver for a moment.
The orc wizard barely misses you.
You slash the orc priest!
The orc priest is almost dead.
You hit the orc wizard.
The orc priest calls down the wrath of Beogh upon you.
Pain shoots through your body!
* * * LOW HITPOINT WARNING * * *
The orc wizard hits you but does no damage.
The orc priest looks satisfied for a moment.
The orc priest hits you but does no damage.
You hit the orc priest but do no damage.
You headbutt the orc priest.
The orc priest is almost dead.
Your scale mail prevents you from hitting the orc wizard.
The orc wizard gestures wildly while chanting.
The orc wizard seems to speed up.
The orc priest calls down the wrath of Beogh upon you.
Beogh smites you!
You die...

#### .#.## .#..### .
## ......#
......###.. .....#
..........## ....##
.....###...###)....#
.....#.....#@o....#
#...........o...##
#...............# .
#.#............# ..#
#.#...........##
..#.
##..##..#..#####
....##...########
#..#....###
##.........#


You could see an orc priest and an orc wizard.

Vanquished Creatures
  A necrophage (D:5)
  A phantom (D:4)
  A scorpion (D:4)
  A hound (D:5)
  An orc priest (D:5)
  A centaur skeleton (D:3)
  An iguana (D:4)
  Natasha (twice) (D:2)
  A worker ant (D:5)
  Terence (D:2)
  A gnoll (D:2)
  8 adders
  2 oozes
  A worm (D:3)
  A dart slug (D:2)
  4 leopard geckos
  9 orcs
  5 giant cockroaches
  6 goblins
  5 hobgoblins
  2 kobolds (D:2)
  3 quokkas
  4 bats
  5 frilled lizards
  A quokka skeleton (D:4)
  6 rats
  2 bushes (D:4)
  3 plants (D:4)
79 creatures vanquished.

Notes
Turn   | Place    | Note
-------+----------+-------------------------------------------
     0 | D:1      | DasRunzen the Minotaur Fighter began the quest for the Orb.
     0 | D:1      | Reached XP level 1. HP: 19/19 MP: 0/0
   384 | D:1      | Reached XP level 2. HP: 27/27 MP: 1/1
   497 | D:2      | Found a sacrificial altar of Ru.
   561 | D:2      | Noticed Terence
   573 | D:2      | Killed Terence
   573 | D:2      | Reached XP level 3. HP: 30/33 MP: 2/2
   749 | D:2      | Reached XP level 4. HP: 41/41 MP: 3/3
   825 | D:2      | Found a basalt altar of Yredelemnul.
   863 | D:2      | Noticed Natasha
   870 | D:2      | Killed Natasha
   987 | D:2      | Noticed Natasha
   993 | D:2      | Killed Natasha
   993 | D:2      | Reached XP level 5. HP: 33/47 MP: 4/4
  1250 | D:3      | Reached skill level 5 in Fighting
  1456 | D:4      | Reached skill level 5 in Armour
  1456 | D:4      | Reached skill level 5 in Shields
  1512 | D:4      | Noticed a phantom
  1552 | D:4      | Killed a phantom
  1552 | D:4      | Reached XP level 6. HP: 31/56 MP: 5/5
  2118 | D:5      | Entered Level 5 of the Dungeon
  2160 | D:5      | Reached skill level 5 in Axes
  2160 | D:5      | Reached XP level 7. HP: 59/62 MP: 6/6
  2276 | D:5      | Killed from afar by an orc priest

Levels and vault maps discovered:
D:1:      psy_arrival_terrarium, layout_basic, corexii_item_surrounded_by_moat,
          minmay_tree_intersection
D:2:      layout_basic, marbit_many_paths, lemuel_crystal_altar, uniq_natasha,
          uniq_terence
D:3:      layout_rooms, first_ration
D:4:      layout_rooms, serial_forest, infiniplex_forest_lined_2,
          infiniplex_forest_clump_curved, infiniplex_forest_corner_1,
          infiniplex_forest_corner_2, infiniplex_forest_straight_1,
          infiniplex_forest_clump_large, infiniplex_forest_end_1
D:5:      layout_cave_pools, minmay_temple_entry_from_below_a

Skill      XL: |  1  2  3  4  5  6 |
---------------+-------------------+-----
Fighting       | 4 5 |  5.9
Armour         | 4 5 |  5.8
Shields        | 4 5 |  5.8
Axes           | 3 4 5 |  5.2

Action                   |  1- 3 |  4- 6 |  7- 9 || total
-------------------------+-------+-------+-------++-------
Melee: War axe           |    56 |   209 |    17 ||   282
       Headbutt          |     7 |    51 |     1 ||    59
  Use: Scroll            |     2 |     4 |       ||     6
  Eat: Chunk             |       |     4 |       ||     4
Armor: Scale mail        |    19 |    63 |     7 ||    89
Dodge: Dodged            |    24 |    41 |     3 ||    68
Block: Shield            |    29 |    78 |     9 ||   116

Table legend:
 A = Non-vault XP
 B = Vault XP
 C = Vault XP percentage of total XP
 D = Non-vault monster count
 E = Vault monster count
 F = Vault count percentage of total count
                 A         B        C        D         E       F
            +---------+---------+-------+---------+---------+-------
      Total |     770 |      81 |   9.5 |      71 |       3 |   4.1
            +---------+---------+-------+---------+---------+-------
        D:1 |      12 |       0 |   0.0 |       7 |       0 |   0.0
        D:2 |     108 |      81 |  42.9 |      22 |       3 |  12.0
        D:3 |     117 |       0 |   0.0 |      18 |       0 |   0.0
        D:4 |     282 |       0 |   0.0 |      18 |       0 |   0.0
        D:5 |     251 |       0 |   0.0 |       6 |       0 |   0.0
            +---------+---------+-------+---------+---------+-------
